Cogmind - Beta 16 @@@ ROGUE MODE // 2025.11.13 @ 12:19:37 Player: omewwes Result: Destroyed self via exploding Fusion Modulator Performance ------------- Evolutions (6) 3000 Regions Visited (27) 5400 Robots Destroyed (201) 1005 Value Destroyed (9127) 9127 Prototype IDs (43) 860 Alien Tech Used (0) 0 Bonus (5368) 5368 TOTAL SCORE: 24760 Bonus ------- High Alert Combat Kills 467 Follower Combat Kills 901 Entered Garrisons 1200 Used RIF Installer 1000 Network Hubs Disabled 400 Aligned with FarCom 300 Met Zhirov 300 Met R17 at Cetus 500 Read Decrypted Archives 300 Cogmind --------- Core Integrity 0/1150 Matter 119/300 Energy 267/315 System Corruption 9% Temperature Cool (12) Movement Hovering (77) Location -4/Factory Parts ------- > --- POWER (2) -------- Neutrino Core > --- PROPULSION (4) --- Combat Gravmag System Combat Gravmag System Impulse Thruster > --- UTILITY (9) ------ Advanced Transmission Jammer Advanced Thermal Shield Relay Coupler [NC] (32) Relay Coupler [Brawler] (32) Relay Coupler [Specialist] (25) Relay Coupler [Hunter] (12) > --- WEAPON (4) ------- (None) > --- INVENTORY (5) ---- Improved Heavy Treads Precision Energy Filter Improved Shock Absorption System Relay Coupler [Sentry] (32) Peak State ------------ > --- POWER ------------ Neutrino-Deuterium Core > --- PROPULSION ------- Treaded Centrium-Carbon Exoskeleton > --- UTILITY ---------- Armored Scrap Engine Advanced Heat Sink Advanced Heat Sink Large Storage Unit Centrium Medium Armor Plating Centrium Medium Armor Plating System Shield > --- WEAPON ----------- Remote Datajack Thermic Penetrator Construct/G Hpw. Thermic Wave Construct/G > --- INVENTORY -------- Advanced Heat Sink Advanced Heat Sink Advanced Heat Sink Relay Coupler [NC] Katana Katana [Rating: 112] Favorites ----------- Power Constructs Engine Improved Deuterium Engine Power Core Constructs Reactor Light Antimatter Reactor Propulsion Potential Leg Treads Constructs Leg Potential Leg Hover Unit Hover Unit Flight Unit Impulse Thruster Utility Advanced Heat Sink Device Advanced Heat Sink Storage Large Storage Unit Processor Advanced Signal Interpreter Hackware Hacking Suite Protection Reflective Plating Weapon Precision Beam Rifle Energy Gun Precision Beam Rifle Energy Cannon Advanced Beam Cannon Ballistic Gun Constructs Ballistic Cannon Assault Cannon Launcher Improved Proton Missile Launcher Special Weapon Remote Datajack Impact Weapon Maul Slashing Weapon Katana Build | -11 -10 -10 -9 -9 -9 -8 -8 -8 -8 -8 -6 -6 -6 -6 -6 -6 -6 -5 -5 -5 -5 -5 -5 -5 -4 -4 -4 ------- Run | Yrd Mat Min Mat Min Exi Min Mat Sto Gar Rec Fac Gar Fac Gar Fac Low Low Fac Gar Ext Cet Arc Hub Gar Fac Gar Fac Slots Evolved 12 | . . . 2 . . . 2 . . . 4 . . . . . . 2 . . . . . . 2 . . Power 1 | . . . . . . . 1 . . . . . . . . . . . . . . . . . . . . Propulsion 2 | . . . . . . . . . . . . . . . . . . 2 . . . . . . . . . Utility 7 | . . . 2 . . . 1 . . . 3 . . . . . . . . . . . . . 1 . . Weapon 2 | . . . . . . . . . . . 1 . . . . . . . . . . . . . 1 . . Parts Attached 188 | 6 13 1 21 . 2 1 9 3 13 7 12 1 12 1 18 6 . 4 3 10 5 . . 3 21 7 9 Power 22 | 1 1 . 2 . . . 3 . 4 2 . . 2 . 1 1 . . . 2 . . . . 1 1 1 Engine 14 | 1 1 . 2 . . . . . 2 2 . . 2 . 1 1 . . . 2 . . . . . . . Core 6 | . . . . . . . 3 . 2 . . . . . . . . . . . . . . . . . 1 Reactor 2 | . . . . . . . . . . . . . . . . . . . . . . . . . 1 1 . Propulsion 23 | 2 4 . 6 . 2 . . . . . . . . . . . . . . . . . . . 6 . 3 Treads 2 | . . . . . . . . . . . . . . . . . . . . . . . . . 2 . . Leg 12 | 2 2 . 2 . 2 . . . . . . . . . . . . . . . . . . . 4 . . Wheel . | . . . . . . . . . . . . . . . . . . . . . . . . . . . . Hover 8 | . 2 . 4 . . . . . . . . . . . . . . . . . . . . . . . 2 Flight 1 | . . . . . . . . . . . . . . . . . . . . . . . . . . . 1 Utility 91 | 1 4 . 6 . . 1 4 2 6 3 9 1 6 1 10 3 . 1 2 6 4 . . 2 10 5 4 Device 42 | . 2 . 2 . . 1 1 . 1 3 3 1 4 1 4 2 . . 1 2 2 . . 1 6 1 4 Storage 4 | 1 . . . . . . . . . . 1 . . . 1 . . . . 1 . . . . . . . Processor 6 | . . . 1 . . . . . 2 . . . 1 . 1 . . . . . . . . 1 . . . Hackware 21 | . 1 . 1 . . . 1 . . . 2 . 1 . 2 . . 1 1 3 . . . . 4 4 . Protection 18 | . 1 . 2 . . . 2 2 3 . 3 . . . 2 1 . . . . 2 . . . . . . Artifact . | . . . . . . . . . . . . . . . . . . . . . . . . . . . . Weapon 52 | 2 4 1 7 . . . 2 1 3 2 3 . 4 . 7 2 . 3 1 2 1 . . 1 4 1 1 Energy Gun 14 | . 1 . 4 . . . 1 . . . . . 2 . . . . 1 . . 1 . . 1 2 . 1 Energy Cannon 2 | . . 1 1 . . . . . . . . . . . . . . . . . . . . . . . . Ballistic Gun 13 | 2 2 . 1 . . . . 1 1 . 2 . 2 . 1 . . . . . . . . . . 1 . Ballistic Cannon 2 | . . . . . . . . . . . 1 . . . 1 . . . . . . . . . . . . Launcher 4 | . . . 1 . . . 1 . . . . . . . . 1 . . . 1 . . . . . . . Special Weapon 6 | . 1 . . . . . . . . . . . . . 2 . . . 1 . . . . . 2 . . Impact Weapon 3 | . . . . . . . . . . 2 . . . . . 1 . . . . . . . . . . . Slashing Weapon 8 | . . . . . . . . . 2 . . . . . 3 . . 2 . 1 . . . . . . . Piercing Weapon . | . . . . . . . . . . . . . . . . . . . . . . . . . . . . Special Melee Weapon . | . . . . . . . . . . . . . . . . . . . . . . . . . . . . Unidentified Prototypes 12 | . . . 5 . . . 1 1 . 1 . . 1 . . . . . 1 . 2 . . . . . . Corrupted Parts 1 | . . . . . . . . . . . . . . . . . . . . . . . . . 1 . . System Corruption 1 | . . . . . . . . . . . . . . . . . . . . . . . . . 1 . . Parts Lost 81 | . . . 7 . . . 1 . 2 1 5 6 . 1 6 6 . 1 . 9 2 . 2 8 9 13 2 Power 15 | . . . 1 . . . . . 1 1 1 1 . . 2 1 . 1 . 2 . . . 2 . 2 . Propulsion 11 | . . . 4 . . . . . . . . . . . 1 . . . . 3 . . . . 1 2 . Utility 28 | . . . 1 . . . 1 . 1 . 2 2 . 1 1 2 . . . 2 1 . 1 2 5 5 1 Weapon 27 | . . . 1 . . . . . . . 2 3 . . 2 3 . . . 2 1 . 1 4 3 4 1 Highest Loss Streak 13 | . . . 3 . . . 1 . 1 1 3 6 . 1 2 4 . 1 . 8 1 . 2 3 9 13 2 To Critical Strikes 1 | . . . . . . . . . . . . . . . . . . . . . . . . 1 . . . Average Backups 4 | . 3 5 4 5 5 5 4 4 3 4 2 3 4 4 3 4 4 3 4 5 7 8 8 10 6 3 3 Power . | . . . . . . . 1 2 . . . . . . . . . . . . . . . . . . . Propulsion . | . 1 3 2 2 2 . . . . . . . . . . 1 1 . . . . . . . . 1 1 Utility 2 | . . 2 1 2 2 2 2 1 1 3 1 3 3 3 1 . . . 2 2 4 5 5 9 5 1 2 Weapon 1 | . . . . 1 1 1 1 1 1 1 1 . . 1 1 1 1 1 1 2 2 2 2 . . . . Tool/Special . | . . . . . . . . . . . . . . . . . . . . . . . . . . . . Unused Backups 18 | . 2 . 2 . . 2 . . 2 4 . . . . 1 . . 1 1 . . . . . 1 . 2 Power 2 | . 1 . . . . . . . 1 . . . . . . . . . . . . . . . . . . Propulsion 3 | . . . . . . 2 . . . . . . . . . . . . . . . . . . . . 1 Utility 13 | . 1 . 2 . . . . . 1 4 . . . . 1 . . 1 1 . . . . . 1 . 1 Weapon . | . . . . . . . . . . . . . . . . . . . . . . . . . . . . Tool/Special . | . . . . . . . . . . . . . . . . . . . . . . . . . . . . Average Slot Usage (%) 75 | . 95 100 94 100 100 100 99 100 88 73 71 65 60 70 73 65 66 61 66 62 68 70 69 61 56 70 49 Engine 4 | . 14 14 10 11 11 11 1 . 8 5 2 4 4 6 1 1 6 3 . 2 . . 3 . . . . Core 3 | . . . . . . . 16 18 8 8 3 . . . . . . 1 5 . 4 5 1 4 . . 3 Leg 7 | . 17 . 10 22 22 22 18 18 18 18 5 . . . . 6 6 1 . 1 3 5 5 . 3 . . Hover 3 | . 10 28 11 . . . . . . . 3 6 6 6 5 . . . . . . . . . . . 8 Device 13 | . 6 . 8 11 11 11 17 18 9 12 16 18 22 20 17 14 13 11 11 8 14 17 17 16 22 15 10 Storage 1 | . 9 . . . . . . . . . 3 . . . 1 6 6 5 3 1 5 5 5 5 3 . . Processor 4 | . . . 9 . . . . . 9 10 . . 5 6 5 6 6 5 5 3 . . . 2 5 2 . Hackware 12 | . 5 14 14 22 22 22 17 9 3 . 6 6 11 13 18 13 13 13 18 22 13 11 10 2 6 26 21 Protection 6 | . 2 14 11 11 11 11 9 18 16 8 12 10 . . 1 3 6 2 . . 4 5 5 8 . . . Energy Gun 4 | . 6 . 7 22 22 22 17 18 5 . . . 4 14 1 . . . . . 6 5 7 4 1 4 . Energy Cannon 1 | . . 8 7 . . . . . . . . . . . 1 . . . . 1 . . . . . . . Ballistic Gun 2 | . 20 5 . . . . . . . . 1 11 2 2 2 1 . . . 1 6 11 8 1 . . . Ballistic Cannon 1 | . . . . . . . . . . . 7 4 . . . 3 . . . 2 1 . . . . . . Special Weapon 1 | . 1 14 4 . . . . . . . . . . . 5 1 . 1 . 2 . . . . 3 3 . Slashing Weapon 2 | . . . . . . . . . 6 5 . . . . 3 3 6 6 12 2 . . . 5 3 . . Peak Build Rating 112 | 6 10 9 28 28 42 46 52 52 57 67 80 66 74 78 86 79 64 74 82 83 104 104 104 112 86 97 66 Average Rating 61 | 3 7 8 18 28 30 45 51 51 53 58 68 61 64 72 77 66 64 67 78 69 93 104 101 102 77 82 51 On Entrance 56 | . 6 9 9 28 28 42 46 49 52 57 67 64 41 74 78 79 64 64 74 82 83 104 104 100 66 86 16 Avg Prop Armor Cover (%) 5 | . . . 5 . . . . . . . 2 . . . . . . . . . . . . . 10 . 5 Naked Turns . | . . . . . . . . . . . . . . . . . . . . . . . . . . . . Heaviest Build 67 | 12 13 10 25 17 17 17 26 32 44 45 60 29 26 35 46 45 28 28 22 60 67 60 60 65 31 40 31 Greatest Support 150 | 20 20 12 30 30 60 60 60 60 60 60 60 27 27 27 39 28 28 28 42 84 96 96 111 111 150 150 28 Greatest Overweight (x) 4 | . . . 1 . . . . . . . 4 1 1 1 3 2 . . . 1 . . . . . . 1 Average Overweight (x) . | . . . . . . . . . . . . . . . . . . . . . . . . . . . . Largest Inventory Capacity 15 | 8 8 5 5 5 5 5 5 5 5 5 10 5 5 5 5 5 5 5 5 15 15 15 15 15 15 5 5 Average Capacity 6 | 6 6 5 5 5 5 5 5 5 5 5 8 5 5 5 5 5 5 5 5 7 15 15 15 15 11 5 5 Most Carried 12 | . 8 5 5 5 5 5 5 5 5 5 5 4 5 5 5 5 4 5 5 7 9 8 8 12 10 5 5 Average Carried 5 | . 3 5 4 5 5 4 4 4 4 4 3 3 4 4 4 4 4 3 4 5 7 8 8 10 6 4 4 Final Capacity 15 | 8 5 5 5 5 5 5 5 5 5 5 5 5 5 5 5 5 5 5 5 15 15 15 15 15 5 5 5 Final Carried 11 | . 5 5 5 5 5 5 5 5 5 5 4 4 5 4 5 4 4 5 5 7 8 8 8 11 4 4 5 Scrap Engine Consumption 137 | . . . . . . . . . . 11 14 . 7 5 12 1 . 9 . 53 15 . 5 1 4 . . Constructs Created 14 | . . . . . . . . . . 2 1 . 1 1 . . . 1 . 7 1 . . . . . . Constructs Modified 40 | . . . . . . . . . . 2 4 . . 1 6 1 . 1 1 12 6 . 4 1 1 . . Class Distribution -------------------- 30% | Hacker-Mutant 16% | Mutant 15% | Hacker-Construct 9% | Gladiator 7% | Scavenger-Mutant 5% | Bothacker-Mutant 3% | Bothacker-Construct 3% | Hacker-Skirmisher Dominant Class ---------------- Scavenger-Mutant | -10/Materials Scavenger-Mutant | -10/Mines Scavenger-Mutant | -9/Materials Hacker-Mutant | -9/Mines Hacker-Mutant | -9/Exiles Hacker-Mutant | -8/Mines Hacker-Mutant | -8/Materials Mutant | -8/Storage Gladiator | -8/Garrison Mutant | -8/Recycling Mutant | -6/Factory Scavenger-Tank | -6/Garrison Hacker-Mutant | -6/Factory Hacker-Mutant | -6/Garrison Hacker-Mutant | -6/Factory Hacker-Mutant | -6/Lower Caves Hacker-Mutant | -6/Lower Caves Hacker-Mutant | -5/Factory Hacker-Mutant | -5/Garrison Hacker-Construct | -5/Extension Hacker-Construct | -5/Cetus Hacker-Construct | -5/Archives Hacker-Construct | -5/Hub_04(d) Bothacker-Construct | -5/Garrison Bothacker-Mutant | -4/Factory Bothacker-Mutant | -4/Garrison Mutant | -4/Factory Resources | -11 -10 -10 -9 -9 -9 -8 -8 -8 -8 -8 -6 -6 -6 -6 -6 -6 -6 -5 -5 -5 -5 -5 -5 -5 -4 -4 -4 ----------- Run | Yrd Mat Min Mat Min Exi Min Mat Sto Gar Rec Fac Gar Fac Gar Fac Low Low Fac Gar Ext Cet Arc Hub Gar Fac Gar Fac Matter Collected 3964 | 177 322 39 290 . . 30 133 55 205 92 403 69 290 . 554 168 17 . . 548 87 . 28 127 159 171 . Remotely . | . . . . . . . . . . . . . . . . . . . . . . . . . . . . Salvage Created 9176 | . 449 26 991 124 . 239 518 88 1065 732 569 93 290 . 928 549 . . 57 703 536 . 272 383 302 249 13 Parts 373 | . 28 1 52 4 . 15 25 2 51 25 30 3 1 . 30 12 . . 3 22 16 . 18 16 10 6 3 Haulers Intercepted 9 | . . . 4 . . . 1 . . . . . 1 . 3 . . . . . . . . . . . . Recyclers Shooed 4 | . 1 . . . . . . . . . . . . . 2 . . . . 1 . . . . . . . Parts Field Recycled . | . . . . . . . . . . . . . . . . . . . . . . . . . . . . Retrieved Matter . | . . . . . . . . . . . . . . . . . . . . . . . . . . . . Parts Self-Destructed 9 | . . . . . . . . . . . . . . . . 9 . . . . . . . . . . . Prevented 4 | . . . . . . . . . . . . . . . . 4 . . . . . . . . . . . Parts Restored . | . . . . . . . . . . . . . . . . . . . . . . . . . . . . Kills | -11 -10 -10 -9 -9 -9 -8 -8 -8 -8 -8 -6 -6 -6 -6 -6 -6 -6 -5 -5 -5 -5 -5 -5 -5 -4 -4 -4 ------- Run | Yrd Mat Min Mat Min Exi Min Mat Sto Gar Rec Fac Gar Fac Gar Fac Low Low Fac Gar Ext Cet Arc Hub Gar Fac Gar Fac Combat Hostiles Destroyed 158 | . 10 . 23 3 . 4 12 2 24 8 14 2 3 . 8 10 . . 2 5 8 . 2 7 6 4 1 Melee 47 | . . . . . . . . . 20 8 2 . . . 4 3 . . . 1 . . . 3 6 . . Guns 59 | . 10 . 8 3 . 4 8 2 4 . . 1 1 . 4 1 . . . . 4 . 2 4 . 3 . Cannons 27 | . . . 9 . . . . . . . 7 1 . . . 5 . . . 2 3 . . . . . . AOE 17 | . . . 4 . . . 4 . . . 5 . . . . 1 . . 2 . . . . . . . 1 Classes Destroyed 18 | . 4 1 3 . . 2 . . 2 2 . . . . 2 1 . . . . . . . 1 . . . Worker 6 | . . 1 . . . . 1 . . . . . . . 2 . . . . . . . 2 . . . . Builder 4 | . . . . . . 1 2 . . . 1 . . . . . . . . . . . . . . . . Tunneler 2 | . . . . . . . . . . 2 . . . . . . . . . . . . . . . . . Hauler 9 | . . . 4 . . . 1 . . . . . 1 . 3 . . . . . . . . . . . . Recycler 9 | . 2 . . . . . . . . 2 1 . . . 1 . . . . 3 . . . . . . . Mechanic 2 | . . . . . . . . . . . . . . . 2 . . . . . . . . . . . . Operator 5 | . 2 . 1 . . . 1 . . . . . . . . . . . . . . . 1 . . . . Watcher 6 | . . . 2 . . . 1 . . . . . . . . . . . . 1 . . 2 . . . . Swarmer 33 | . 6 . 6 . . . 4 . 4 . 7 . . . . 1 . . 2 2 . . . . . . 1 Cutter 1 | . . . . . . . . . . . . . . . . . . . . . . . . 1 . . . Grunt 57 | . 4 . 13 3 . 3 6 2 6 . . 2 2 . 3 3 . . . 1 . . . 3 4 2 . Brawler 2 | . . . . . . . . . . . . . . . . 2 . . . . . . . . . . . Duelist 3 | . . . . . . . . . . . . . . . 1 2 . . . . . . . . . . . Sentry 26 | . . . 4 . . . . . 6 5 4 . 1 . 1 1 . . . 2 . . 2 . . . . Specialist 1 | . . . . . . . . . 1 . . . . . . . . . . . . . . . . . . Hunter 13 | . . . . . . 1 2 . 4 1 2 . . . 1 . . . . . . . . . . 2 . Programmer 12 | . . . . . . . . . 3 . 1 . . . 2 1 . . . . . . . 3 2 . . Cetus Guard 8 | . . . . . . . . . . . . . . . . . . . . . 8 . . . . . . Scrapper 2 | . . . . . . . . . . 2 . . . . . . . . . . . . . . . . . Best Kill Streak 7 | . 3 1 4 3 . 3 5 2 6 2 4 2 3 . 2 7 . . 2 4 4 . 5 2 2 2 1 Combat Bots Only 7 | . 3 . 4 3 . 3 4 2 6 2 4 2 3 . 2 7 . . 2 2 4 . 2 2 2 2 1 Max Kills in Single Turn 5 | . 1 1 2 2 . 1 3 1 1 1 4 1 1 . 1 1 . . 2 2 1 . 5 1 1 1 1 Gunslinging 1 | . . . . 1 . . . . . . . . . . . . . . . . . . . . . . . Exploded 4 | . . . 2 . . . 1 . . . 4 . . . . 1 . . 2 . . . . . . . 1 Melee 1 | . . . . . . . . . 1 1 1 . . . 1 1 . . . 1 . . . 1 1 . . Uniques/NPCs Destroyed . | . . . . . . . . . . . . . . . . . . . . . . . . . . . . Combat | -11 -10 -10 -9 -9 -9 -8 -8 -8 -8 -8 -6 -6 -6 -6 -6 -6 -6 -5 -5 -5 -5 -5 -5 -5 -4 -4 -4 -------- Run | Yrd Mat Min Mat Min Exi Min Mat Sto Gar Rec Fac Gar Fac Gar Fac Low Low Fac Gar Ext Cet Arc Hub Gar Fac Gar Fac Hostile Shots Fired 1787 | . 25 . 99 10 . 8 34 4 160 19 271 94 80 36 149 92 . 2 27 92 76 . 27 174 148 144 16 Missed 574 | . 4 . 29 3 . 3 14 1 38 5 90 40 48 15 40 32 . 1 17 29 30 . 5 41 47 36 6 Hits 1213 | . 21 . 70 7 . 5 20 3 122 14 181 54 32 21 109 60 . 1 10 63 46 . 22 133 101 108 10 Melee 30 | . . . . . . . . . . . . . . . 10 . . . . . . . . 20 . . . Projectile 1183 | . 21 . 70 7 . 5 20 3 122 14 181 54 32 21 99 60 . 1 10 63 46 . 22 113 101 108 10 AOE 2 | . . . . . . . . . . . . . . . . . . . . . . . . 2 . . . Critical Strikes 60 | . . . . . . . 2 . 2 1 . 3 . 1 9 4 . 1 . 1 4 . 4 18 3 7 . Damage Taken 20861 | . 264 . 715 81 . 84 248 42 1444 298 1917 1161 304 311 1621 1051 . 129 275 1302 1286 . 980 2726 2011 2136 475 Core 3275 | . 68 . 149 25 . 35 . . 126 45 267 113 23 41 159 167 . 52 . 218 190 . 115 323 329 518 312 Absorbed by Shields 730 | . . . . . . . . . . 17 78 . . . 497 81 . . . 57 . . . . . . . Redirected to Shielding 41 | . . . . . . . . . 41 . . . . . . . . . . . . . . . . . . Ignored by Resistances 148 | . . . 10 12 . 6 16 6 18 . 34 46 . . . . . . . . . . . . . . . Regen/Repaired (Parts) 3092 | . . . . . . . . . . . 147 . 100 42 642 57 . 117 . 729 323 . 433 80 422 . . Core Remaining (%) 51 | 100 . 72 . . . 47 . . . 68 . . . . . . 9 . . . . . . 10 . . . Volleys Fired 553 | . 32 2 87 5 . 8 32 4 24 1 63 20 15 1 54 18 . . 4 65 32 . 12 21 9 37 7 Largest 3 | . 2 1 2 2 . 2 2 2 2 1 2 3 3 1 2 2 . . 1 3 3 . 3 2 1 1 1 Hottest 366 | . 100 100 168 122 . 122 122 122 122 42 79 90 180 75 152 72 . . 43 189 366 . 176 95 65 75 60 Shots Fired 844 | . 63 2 113 10 . 16 61 8 46 1 74 51 33 1 71 20 . . 4 70 82 . 33 31 9 38 7 Gun 559 | . 62 . 40 10 . 16 58 8 45 . . 40 33 1 60 2 . . . 16 66 . 33 31 2 29 7 Cannon 197 | . . 1 63 . . . . . . 1 69 11 . . 5 15 . . . 16 16 . . . . . . Launcher 22 | . . . 4 . . . 3 . 1 . 5 . . . . 3 . . 3 3 . . . . . . . Special 66 | . 1 1 6 . . . . . . . . . . . 6 . . . 1 35 . . . . 7 9 . Kinetic 263 | . 50 . . . . . . . 1 1 69 51 2 . 52 17 . . . 14 . . . . . 6 . Thermal 474 | . 13 2 109 10 . 16 58 8 44 . . . 31 1 13 . . . . 9 82 . 33 22 . 23 . Explosive 13 | . . . 4 . . . 3 . 1 . 5 . . . . . . . . . . . . . . . . Electromagnetic 36 | . . . . . . . . . . . . . . . . 3 . . 3 12 . . . 9 2 . 7 Robot Hit Streak 27 | . 9 1 11 21 . 27 12 9 10 5 15 7 7 . 18 14 . . 3 9 17 . 8 6 4 12 1 Robot Miss Streak 9 | . 3 1 4 . . 2 5 . 1 . 5 2 1 . 4 9 . . . 4 3 . 1 4 2 2 3 Penetration Max 1 | . . . . . . . . . . . . . . . 1 . . . . . . . . . . . . Secondary Targets 2 | . . . . 2 . . . . . . . . . . . . . . . . . . . . . . . Max Gunslinging Chain 1 | . . . . 1 . . . . . . . . . . . . . . . . . . . . . . . Shots Hit Robots 713 | . 41 1 67 10 . 11 36 7 74 23 54 37 24 . 91 29 . . 1 53 60 . 11 37 21 23 2 Core Hits 350 | . 22 1 36 4 . 9 30 4 28 12 26 7 4 . 59 17 . . 3 14 24 . 15 15 10 9 1 Critical Kills 5 | . . . 2 . . . . . . . . . . . . . . . . 1 2 . . . . . . Critical Parts Destroyed 1 | . . . . . . . . . . . 1 . . . . . . . . . . . . . . . . Critical Strikes 49 | . . . 8 . . 1 5 . 7 . 1 2 3 . 7 3 . . . 2 3 . . 2 3 2 . Burn 19 | . . . 6 . . 1 5 . . . . . 3 . 2 . . . . . . . . . . 2 . Meltdown 3 | . . . 2 . . . . . . . . . . . . . . . . . 1 . . . . . . Destroy 6 | . . . . . . . . . . . 1 2 . . . . . . . 1 2 . . . . . . Blast 2 | . . . . . . . . . . . . . . . 1 1 . . . . . . . . . . . Corrupt 2 | . . . . . . . . . . . . . . . . . . . . 1 . . . 1 . . . Sever 17 | . . . . . . . . . 7 . . . . . 4 2 . . . . . . . 1 3 . . Melee Attacks 259 | . . . . . . . . . 92 22 10 . . . 45 17 . 2 2 13 . . . 41 15 . . Impact 16 | . . . . . . . . . . 5 10 . . . . 1 . . . . . . . . . . . Slashing 243 | . . . . . . . . . 92 17 . . . . 45 16 . 2 2 13 . . . 41 15 . . Piercing . | . . . . . . . . . . . . . . . . . . . . . . . . . . . . Sneak Attacks 29 | . . . . . . . . . 4 8 . . . . 6 9 . . . 2 . . . . . . . Combat Hostiles . | . . . . . . . . . . . . . . . . . . . . . . . . . . . . Follow-up Attacks 1 | . . . . . . . . . . . . . . . . . . . . . . . . 1 . . . Damage Inflicted 22284 | . 479 18 1647 171 . 190 1355 119 2942 1649 1693 748 526 . 2796 1367 . . 129 1105 1807 . 981 1223 545 429 365 Guns 7765 | . 479 . 471 171 . 190 626 119 481 . . 580 526 . 990 31 . . . 214 1462 . 351 520 51 429 74 Cannons 2951 | . . 18 824 . . . . . . 17 887 168 . . 62 423 . . . 207 345 . . . . . . Explosions 3288 | . . . 327 . . . 729 . 29 . 419 . . . 183 239 . . 129 312 . . 630 . . . 291 Melee 8186 | . . . . . . . . . 2432 1603 387 . . . 1561 674 . . . 372 . . . 699 458 . . Ramming 70 | . . . 1 . . . . . . 29 . . . . . . . . . . . . . 4 36 . . Kinetic 3747 | . 412 . . . . . . . . 17 887 748 42 . 894 454 . . . 214 . . . . . 79 . Thermal 7707 | . 67 18 1319 171 . 190 1170 119 481 . . . 484 . 291 . . . . 153 1807 . 351 445 . 350 291 Explosive 960 | . . . 327 . . . 185 . 29 . 419 . . . . . . . . . . . . . . . . Electromagnetic 1614 | . . . . . . . . . . . . . . . 50 239 . . 129 366 . . 630 75 51 . 74 Impact 863 | . . . . . . . . . . 438 387 . . . . 38 . . . . . . . . . . . Slashing 7323 | . . . . . . . . . 2432 1165 . . . . 1561 636 . . . 372 . . . 699 458 . . Piercing . | . . . . . . . . . . . . . . . . . . . . . . . . . . . . Highest Corruption 29 | . . . . . . . . . . . 2 2 2 2 6 4 3 . . . . . 14 29 5 9 9 Average Corruption 6 | . . . . . . . . . . . 1 2 2 2 4 2 3 . . . . . 7 24 4 5 9 Corruption Purged 10 | . . . . . . . . . . . . . . . 6 4 . . . . . . . . . . . Corruption Blocked . | . . . . . . . . . . . . . . . . . . . . . . . . . . . . Effects 122 | . . . . . . . . . . . 6 4 8 1 39 1 2 . . . . . . 31 8 11 11 Message Errors 28 | . . . . . . . . . . . 2 . 2 . 12 . . . . . . . . 4 4 2 2 Matter Fused 28 | . . . . . . . . . . . 1 1 1 1 7 1 . . . . . . . 10 1 3 2 Heat Flow Errors 21 | . . . . . . . . . . . 1 2 2 . 5 . . . . . . . . 8 . 2 1 Energy Discharges 18 | . . . . . . . . . . . . . . . 9 . 1 . . . . . . 2 1 1 4 Parts Rejected 3 | . . . . . . . . . . . 1 . . . . . . . . . . . . 1 1 . . Parts Fused 2 | . . . . . . . . . . . . . . . . . . . . . . . . 1 1 . . Data Loss (minor) 10 | . . . . . . . . . . . . 1 1 . 3 . . . . . . . . 3 . . 2 Data Loss (major) 4 | . . . . . . . . . . . . . 1 . 1 . 1 . . . . . . 1 . . . Misfires 3 | . . . . . . . . . . . . . 1 . . . . . . . . . . . . 2 . Alerts 2 | . . . . . . . . . . . . . . . 2 . . . . . . . . . . . . Weapon Failures 3 | . . . . . . . . . . . 1 . . . . . . . . . . . . 1 . 1 . Overload Shots 4 | . . . . . . . . . . . . . . . . . . . . . 4 . . . . . . Effects 1 | . . . . . . . . . . . . . . . . . . . . . 1 . . . . . . Energy Bleed 1 | . . . . . . . . . . . . . . . . . . . . . 1 . . . . . . Overflow Damage 1277 | . . . 4 . . . 67 . 168 229 93 24 . . 361 36 . . . 39 . . 65 63 . . 128 Projectiles 49 | . . . 4 . . . . . . 6 . 24 . . 15 . . . . . . . . . . . . Explosions 260 | . . . . . . . 67 . . . . . . . . . . . . . . . 65 . . . 128 Melee 968 | . . . . . . . . . 168 223 93 . . . 346 36 . . . 39 . . . 63 . . . Knockbacks 12 | . . . . . . . . . . . 9 . . . . 2 . . . . . . . . 1 . . Impact 4 | . . . . . . . . . . . 3 . . . . . . . . . . . . . 1 . . Kinetic 8 | . . . . . . . . . . . 6 . . . . 2 . . . . . . . . . . . Secondary . | . . . . . . . . . . . . . . . . . . . . . . . . . . . . Self-Inflicted Damage 421 | . . . 33 . . . . . . . . . . . 94 39 . . . 54 . . 125 . . . 76 Shots 10 | . . . 1 . . . . . . . . . . . 2 2 . . . 2 . . 2 . . . 1 Rammed 24 | . . . 2 . . . . . . . . . . . . . . . . . . . . 2 20 . . Targets Rammed 30 | . . . 2 . . . . . . 1 . . . . . . . . . . . . . 2 25 . . Kicked 2 | . . . . . . . . . . 1 . . . . . . . . . . . . . . 1 . . Crushed 4 | . . . . . . . . . . . . . . . . . . . . . . . . . 4 . . Highest Temperature 491 | . 40 40 325 180 . 84 174 171 208 28 329 167 307 . 424 2 . . . 59 491 . 33 215 25 206 122 Average Temperature 91 | . 7 19 86 82 . 20 53 87 50 9 155 74 64 . 158 2 . . . 19 158 . 10 76 17 104 72 Received Heat Transfer 3302 | . 126 . 156 54 . 27 117 27 342 136 65 174 96 48 343 340 . 27 45 215 117 . 18 174 484 171 . Effects 8 | . . . 1 . . . . . . . 4 . . . . . . . . . 3 . . . . . . Energy Bleed 2 | . . . . . . . . . . . 1 . . . . . . . . . 1 . . . . . . Interference 3 | . . . 1 . . . . . . . 2 . . . . . . . . . . . . . . . . Matter Decay 1 | . . . . . . . . . . . 1 . . . . . . . . . . . . . . . . Short Circuit 1 | . . . . . . . . . . . . . . . . . . . . . 1 . . . . . . Damage (major) 1 | . . . . . . . . . . . . . . . . . . . . . 1 . . . . . . Siege Activations . | . . . . . . . . . . . . . . . . . . . . . . . . . . . . Martial Activations . | . . . . . . . . . . . . . . . . . . . . . . . . . . . . Shielding Activations . | . . . . . . . . . . . . . . . . . . . . . . . . . . . . Robots Disrupted 1 | . . . . . . . . . . . . . . . . . . . . 1 . . . . . . . Combat Hostiles 1 | . . . . . . . . . . . . . . . . . . . . 1 . . . . . . . Robots Corrupted 3 | . . . . . . . . . . 1 . . . . . . . . . 2 . . . . . . . Combat Hostiles 3 | . . . . . . . . . . 1 . . . . . . . . . 2 . . . . . . . Parts Fried 4 | . . . . . . . . . . 1 . . . . . . . . . 1 . . 2 . . . . Impact Corruptions 9 | . . . . . . . . . . 4 5 . . . . . . . . . . . . . . . . Robots Melted 7 | . . . 2 . . . . . . . . . 3 . . . . . . . 1 . . . . 1 . Combat Hostiles 6 | . . . 2 . . . . . . . . . 2 . . . . . . . 1 . . . . 1 . Parts Melted 45 | . . . 8 1 . 2 4 . . 4 . . 5 . 3 . . . . 1 10 . . . . 7 . Heat Transferred 14463 | . 150 37 3010 370 . 481 2139 259 1036 . . . 1400 . 700 . . . . 150 2619 . 481 481 . 1000 150 Parts Sabotaged . | . . . . . . . . . . . . . . . . . . . . . . . . . . . . Parts Stolen . | . . . . . . . . . . . . . . . . . . . . . . . . . . . . Parts Stripped . | . . . . . . . . . . . . . . . . . . . . . . . . . . . . Power Chain Reactions 5 | . . . . . . . . . . . . . . . 2 . . . . 2 . . 1 . . . . Alert | -11 -10 -10 -9 -9 -9 -8 -8 -8 -8 -8 -6 -6 -6 -6 -6 -6 -6 -5 -5 -5 -5 -5 -5 -5 -4 -4 -4 ------- Run | Yrd Mat Min Mat Min Exi Min Mat Sto Gar Rec Fac Gar Fac Gar Fac Low Low Fac Gar Ext Cet Arc Hub Gar Fac Gar Fac Maximum Alert Level 3 | . . . 1 . . . 1 . 3 2 2 1 . . . . . . . 1 . . 2 2 1 1 . Low Security (%) 62 | 100 100 100 99 100 . 100 82 100 31 . . . 100 100 100 . . 100 100 37 100 100 88 . 60 82 100 Level 1 21 | . . . . . . . 17 . 36 45 43 100 . . . . . . . 62 . . . 6 39 17 . Level 2 14 | . . . . . . . . . 16 54 56 . . . . . . . . . . . 11 93 . . . Level 3 1 | . . . . . . . . . 15 . . . . . . . . . . . . . . . . . . Level 4 . | . . . . . . . . . . . . . . . . . . . . . . . . . . . . Level 5 . | . . . . . . . . . . . . . . . . . . . . . . . . . . . . High Security . | . . . . . . . . . . . . . . . . . . . . . . . . . . . . Max Security . | . . . . . . . . . . . . . . . . . . . . . . . . . . . . Peak Influence 963 | . 127 42 199 103 . 60 376 165 963 556 486 301 130 104 111 . . 11 156 336 92 . 580 624 324 228 56 Initial 433 | . . 42 . 53 . . . 150 92 433 391 261 126 74 49 . . 11 1 76 88 . . 386 324 33 56 Average 184 | . 41 8 81 67 . 22 142 148 379 386 405 275 66 87 30 . . . 25 211 28 . 80 531 185 130 12 Influence Increases 7813 | . 295 6 759 70 . 105 573 63 971 376 695 40 222 30 456 270 . 4 165 1006 251 . 692 333 152 225 54 Destroy 0b10 Robot/C 3560 | . 200 . 460 60 . 80 240 40 500 120 280 40 60 . 200 200 . . 80 420 160 . 40 160 120 80 20 Destroy 0b10 Robot/NC 260 | . 20 5 35 . . 5 30 . . 30 10 . 5 . 55 . . . . 40 . . 25 . . . . Destroy Leader 570 | . 40 . 102 10 . 20 54 10 30 . 70 . 22 . 74 10 . . 10 44 . . 24 20 20 10 . Allied During Kill 318 | . . . . . . . . . 3 10 . . . . 8 . . . 13 261 19 . . 1 . 3 . Successful Hack 226 | . 5 . 29 . . . 21 13 28 6 . . 30 10 33 . . . . 15 . . 24 . 12 . . Select Force Hacks 180 | . . . . . . . . . . 180 . . . . . . . . . . . . . . . . . Disable Machine 510 | . 15 . 45 . . . 90 . . 30 15 . . . 30 . . . . 45 . . 210 . . . 30 Anti-Garrison Action 400 | . . . . . . . . . 200 . . . . . . . . . 50 . . . . 50 . 100 . Destroy Structure 694 | . . 1 28 . . . 63 . 120 . 20 . . 5 11 . . 4 12 46 12 . 354 12 . 2 4 Advance Influence 300 | . . . . . . . . . . . 300 . . . . . . . . . . . . . . . . Partial Spotted 15 | . . . . . . . . . . . . . . . 15 . . . . . . . . . . . . Lose Combat Pursuer 780 | . 15 . 60 . . . 75 . 90 . . . 105 15 30 60 . . . 135 60 . 15 90 . 30 . Influence Decreases 7794 | . 185 116 621 145 63 105 216 277 151 1120 540 173 357 42 477 283 42 20 21 994 409 . 140 266 723 165 143 Entered New Map 2153 | . . 68 . 85 63 . . 207 51 530 128 113 115 32 45 28 12 7 1 70 70 . . 166 295 15 52 Time Decay 4065 | . 185 48 406 60 . 105 206 70 . 510 362 . 242 . 361 215 30 13 . 534 209 . 120 . 318 . 71 Lost Part 741 | . . . 70 . . . 10 . 20 10 50 60 . 10 31 40 . . . 90 10 . 20 80 90 130 20 Lost Ally 690 | . . . . . . . . . 80 70 . . . . 40 . . . 20 300 120 . . 20 20 20 . Purge Threat 145 | . . . 145 . . . . . . . . . . . . . . . . . . . . . . . . Squads Dispatched 27 | . 2 . 1 . . . 2 1 . . 5 . 3 . 8 . . 1 . 1 . . . . 2 . 1 Investigation 4 | . . . . . . . 1 1 . . . . . . 2 . . . . . . . . . . . . Extermination 10 | . . . . . . . . . . . 1 . 1 . 4 . . 1 . . . . . . 2 . 1 Reinforcement 10 | . 2 . 1 . . . 1 . . . 1 . 2 . 2 . . . . 1 . . . . . . . Assault . | . . . . . . . . . . . . . . . . . . . . . . . . . . . . Garrison 3 | . . . . . . . . . . . 3 . . . . . . . . . . . . . . . . Intercept . | . . . . . . . . . . . . . . . . . . . . . . . . . . . . Searches Triggered . | . . . . . . . . . . . . . . . . . . . . . . . . . . . . Construction Impeded 3 | . . . 1 . . . 1 . . . . . . . 1 . . . . . . . . . . . . Haulers Reinforced 2 | . . . . . . . . . . . . . 1 . 1 . . . . . . . . . . . . Active Scanning Responses . | . . . . . . . . . . . . . . . . . . . . . . . . . . . . Cargo Convoy Interrupts . | . . . . . . . . . . . . . . . . . . . . . . . . . . . . Stealth | -11 -10 -10 -9 -9 -9 -8 -8 -8 -8 -8 -6 -6 -6 -6 -6 -6 -6 -5 -5 -5 -5 -5 -5 -5 -4 -4 -4 --------- Run | Yrd Mat Min Mat Min Exi Min Mat Sto Gar Rec Fac Gar Fac Gar Fac Low Low Fac Gar Ext Cet Arc Hub Gar Fac Gar Fac Distress Signals 28 | . 1 . 6 . . . 5 . . 2 . . 1 1 4 . . . . 3 3 . 1 . 1 . . Communications Jammed 37 | . . . . . . . . . . . . . . . . . . . . . . . . . . . 37 Distress Signals 37 | . . . . . . . . . . . . . . . . . . . . . . . . . . . 37 Times Spotted 330 | . 15 . 42 3 . 4 20 3 25 7 18 6 16 18 28 12 . 2 4 28 17 . 10 17 15 16 4 Peak Tracking Total 15 | . 5 . 5 3 . 3 6 2 4 4 4 4 5 15 5 7 . 2 5 11 5 . 5 6 6 7 3 Tactical Retreats 31 | . 1 . 3 . . . 3 . 5 . . . 3 2 2 2 . . . 3 1 . 1 4 . 1 . ECM-based Alert Blocks 10 | . . . . . . . . . . . . . . 10 . . . . . . . . . . . . . Traps | -11 -10 -10 -9 -9 -9 -8 -8 -8 -8 -8 -6 -6 -6 -6 -6 -6 -6 -5 -5 -5 -5 -5 -5 -5 -4 -4 -4 ------- Run | Yrd Mat Min Mat Min Exi Min Mat Sto Gar Rec Fac Gar Fac Gar Fac Low Low Fac Gar Ext Cet Arc Hub Gar Fac Gar Fac Traps Triggered 18 | . . . . . . . 1 . 4 . 1 . 1 2 2 . . 1 1 3 . . . . 1 . 1 Indirectly . | . . . . . . . . . . . . . . . . . . . . . . . . . . . . Trap Hack Attempts . | . . . . . . . . . . . . . . . . . . . . . . . . . . . . Triggered . | . . . . . . . . . . . . . . . . . . . . . . . . . . . . Disarmed 6 | . . . 6 . . . . . . . . . . . . . . . . . . . . . . . . Reprogrammed . | . . . . . . . . . . . . . . . . . . . . . . . . . . . . Reused . | . . . . . . . . . . . . . . . . . . . . . . . . . . . . Traps Extracted . | . . . . . . . . . . . . . . . . . . . . . . . . . . . . Installed . | . . . . . . . . . . . . . . . . . . . . . . . . . . . . Triggered . | . . . . . . . . . . . . . . . . . . . . . . . . . . . . Objects Rigged 8 | . . . . . . . 8 . . . . . . . . . . . . . . . . . . . . Exploded 2 | . . . . . . . 2 . . . . . . . . . . . . . . . . . . . . Machines | -11 -10 -10 -9 -9 -9 -8 -8 -8 -8 -8 -6 -6 -6 -6 -6 -6 -6 -5 -5 -5 -5 -5 -5 -5 -4 -4 -4 ---------- Run | Yrd Mat Min Mat Min Exi Min Mat Sto Gar Rec Fac Gar Fac Gar Fac Low Low Fac Gar Ext Cet Arc Hub Gar Fac Gar Fac Machines Disabled 46 | . 1 . 3 . . . 6 . 1 3 1 . . . 2 . . . 4 6 1 . 14 1 . 1 2 Max in Single Turn 14 | . 1 . 1 . . . 3 . 1 . 1 . . . 1 . . . 1 2 1 . 14 1 . 1 1 Garrison Access 1 | . . . . . . . . . . . . . . . 1 . . . . . . . . . . . . Garrison Relay 4 | . . . . . . . . . 1 . . . . . . . . . 1 . . . . 1 . 1 . Network Hub 2 | . . . . . . . . . . . . . . . . . . . . . . . 2 . . . . Energy Cycler 1 | . . . . . . . . . . . . . . . . . . . . 1 . . . . . . . Machines Repaired . | . . . . . . . . . . . . . . . . . . . . . . . . . . . . Machines Dismantled . | . . . . . . . . . . . . . . . . . . . . . . . . . . . . Machines Sabotaged . | . . . . . . . . . . . . . . . . . . . . . . . . . . . . Overloaded Fab Kills . | . . . . . . . . . . . . . . . . . . . . . . . . . . . . Hacking | -11 -10 -10 -9 -9 -9 -8 -8 -8 -8 -8 -6 -6 -6 -6 -6 -6 -6 -5 -5 -5 -5 -5 -5 -5 -4 -4 -4 --------- Run | Yrd Mat Min Mat Min Exi Min Mat Sto Gar Rec Fac Gar Fac Gar Fac Low Low Fac Gar Ext Cet Arc Hub Gar Fac Gar Fac Machines Accessed 60 | . 3 . 6 . 2 . 5 4 3 11 1 . 3 1 5 . . 3 . 4 . 1 4 . 3 1 . Terminals 39 | . 3 . 6 . . . 4 3 3 4 . . 2 1 2 . . 2 . 4 . . 3 . 1 1 . Fabricators 1 | . . . . . . . . . . . . . . . 1 . . . . . . . . . . . . Repair Stations . | . . . . . . . . . . . . . . . . . . . . . . . . . . . . Recycling Units 7 | . . . . . . . . . . 6 . . . . . . . . . . . . . . 1 . . Scanalyzers 2 | . . . . . . . 1 . . . . . . . 1 . . . . . . . . . . . . Garrison Access 7 | . . . . . . . . 1 . . 1 . 1 . 1 . . 1 . . . . 1 . 1 . . Total Hacks 135 | . 8 . 22 . 2 . 14 12 5 18 2 . 8 2 10 . . 3 . 8 . 1 11 . 5 4 . Successful 72 | . 3 . 14 . 2 . 7 4 3 11 2 . 7 1 5 . . 3 . 5 . 1 2 . 2 . . Failed 61 | . 5 . 8 . . . 7 8 2 6 . . . 1 5 . . . . 3 . . 9 . 3 4 . Catastrophic 15 | . 2 . 1 . . . 2 2 1 . . . . . 1 . . . . . . . 3 . 2 1 . Database Lockouts 2 | . . . . . . . . . . 1 . . 1 . . . . . . . . . . . . . . Manual 53 | . 3 . 11 . 1 . 9 5 . 11 . . 2 . 5 . . . . . . . 2 . 4 . . Terminals 101 | . 8 . 22 . . . 12 7 5 8 . . 7 2 5 . . 2 . 8 . . 10 . 1 4 . Fabricators 2 | . . . . . . . . . . . . . . . 2 . . . . . . . . . . . . Repair Stations . | . . . . . . . . . . . . . . . . . . . . . . . . . . . . Recycling Units 11 | . . . . . . . . . . 8 . . . . . . . . . . . . . . 3 . . Scanalyzers 4 | . . . . . . . 2 . . . . . . . 2 . . . . . . . . . . . . Garrison Access 12 | . . . . . . . . 5 . . 2 . 1 . 1 . . 1 . . . . 1 . 1 . . Terminal Hacks 46 | . 3 . 11 . 2 . 3 1 3 5 . . 6 1 2 . . 2 . 5 . 1 1 . . . . Record 4 | . . . . . 1 . . . . . . . 1 . . . . . . 1 . 1 . . . . . Robot Analysis 2 | . . . . . . . . . . 1 . . 1 . . . . . . . . . . . . . . Prototype ID Bank 1 | . . . 1 . . . . . . . . . . . . . . . . . . . . . . . . Open Door 4 | . . . . . . . . . 1 . . . . . . . . . . 3 . . . . . . . Open DSF 2 | . . . . . . . . . . . . . . . . . . 2 . . . . . . . . . Level Access Points 1 | . . . . . . . . . . . . . . . . . . . . . . . 1 . . . . Branch Access Points 4 | . . . 1 . . . 1 . . . . . 1 . 1 . . . . . . . . . . . . Emergency Access Points 2 | . . . . . . . . . 1 . . . . 1 . . . . . . . . . . . . . Terminal Index 1 | . . . . . . . . 1 . . . . . . . . . . . . . . . . . . . Garrison Index 2 | . . . . . . . . . . . . . 1 . 1 . . . . . . . . . . . . Unreport Threat 1 | . . . 1 . . . . . . . . . . . . . . . . . . . . . . . . Locate Traps 3 | . 1 . 1 . . . . . . . . . 1 . . . . . . . . . . . . . . Disarm Traps 1 | . . . 1 . . . . . . . . . . . . . . . . . . . . . . . . Dispatch Records 1 | . . . 1 . . . . . . . . . . . . . . . . . . . . . . . . Transport Status 2 | . . . 2 . . . . . . . . . . . . . . . . . . . . . . . . Recall Reinforcements 1 | . . . . . . . 1 . . . . . . . . . . . . . . . . . . . . Hauler Manifests 4 | . 2 . 1 . . . . . . . . . . . . . . . . 1 . . . . . . . Registered Components 2 | . . . 1 . . . . . . 1 . . . . . . . . . . . . . . . . . Registered Prototypes 3 | . . . 1 . . . 1 . . . . . 1 . . . . . . . . . . . . . . Zone Layout 1 | . . . . . . . . . . 1 . . . . . . . . . . . . . . . . . Patrol Navigation 1 | . . . . . . . . . 1 . . . . . . . . . . . . . . . . . . Proto ID Catalog 1 | . . . . . 1 . . . . . . . . . . . . . . . . . . . . . . Release Object 2 | . . . . . . . . . . 2 . . . . . . . . . . . . . . . . . Fabricator Hacks . | . . . . . . . . . . . . . . . . . . . . . . . . . . . . Repair Station Hacks . | . . . . . . . . . . . . . . . . . . . . . . . . . . . . Recycling Unit Hacks . | . . . . . . . . . . . . . . . . . . . . . . . . . . . . Scanalyzer 3 | . . . . . . . 2 . . . . . . . 1 . . . . . . . . . . . . Retrieve Study 3 | . . . . . . . 2 . . . . . . . 1 . . . . . . . . . . . . Garrison Access Hacks 9 | . . . . . . . . 2 . . 2 . 1 . 1 . . 1 . . . . 1 . 1 . . Unlock Access 6 | . . . . . . . . 1 . . 1 . 1 . . . . 1 . . . . 1 . 1 . . Seal Access 1 | . . . . . . . . . . . . . . . 1 . . . . . . . . . . . . Coupler Status 2 | . . . . . . . . 1 . . 1 . . . . . . . . . . . . . . . . Unauthorized Hacks 14 | . . . 3 . . . 2 1 . 6 . . . . 1 . . . . . . . . . 1 . . Terminals 5 | . . . 3 . . . 2 . . . . . . . . . . . . . . . . . . . . Botnet 3 | . . . 2 . . . 1 . . . . . . . . . . . . . . . . . . . . Detonate 1 | . . . . . . . 1 . . . . . . . . . . . . . . . . . . . . Operators 1 | . . . 1 . . . . . . . . . . . . . . . . . . . . . . . . Fabricators 1 | . . . . . . . . . . . . . . . 1 . . . . . . . . . . . . Fabnet 1 | . . . . . . . . . . . . . . . 1 . . . . . . . . . . . . Repair Stations . | . . . . . . . . . . . . . . . . . . . . . . . . . . . . Recycling Units 7 | . . . . . . . . . . 6 . . . . . . . . . . . . . . 1 . . Recyclers 1 | . . . . . . . . . . . . . . . . . . . . . . . . . 1 . . Tunnel 6 | . . . . . . . . . . 6 . . . . . . . . . . . . . . . . . Scanalyzers . | . . . . . . . . . . . . . . . . . . . . . . . . . . . . Garrison Access 1 | . . . . . . . . 1 . . . . . . . . . . . . . . . . . . . Reprogram 1 | . . . . . . . . 1 . . . . . . . . . . . . . . . . . . . Data Cores Recovered 2 | . . . 1 . . . 1 . . . . . . . . . . . . . . . . . . . . Used . | . . . . . . . . . . . . . . . . . . . . . . . . . . . . Hacking Detections 36 | . 3 . 6 . . . 4 4 2 4 1 . . . 3 . . 1 . 1 . . 3 . 3 1 . Full Trace Events 4 | . . . . . . . 1 1 1 . . . . . . . . . . . . . . . . 1 . Feedback Events . | . . . . . . . . . . . . . . . . . . . . . . . . . . . . Feedback Blocked . | . . . . . . . . . . . . . . . . . . . . . . . . . . . . Robot Schematics Acquired . | . . . . . . . . . . . . . . . . . . . . . . . . . . . . Robots Built . | . . . . . . . . . . . . . . . . . . . . . . . . . . . . Authchips . | . . . . . . . . . . . . . . . . . . . . . . . . . . . . Time . | . . . . . . . . . . . . . . . . . . . . . . . . . . . . Total Robot Build Rating . | . . . . . . . . . . . . . . . . . . . . . . . . . . . . Part Schematics Acquired . | . . . . . . . . . . . . . . . . . . . . . . . . . . . . Parts Built . | . . . . . . . . . . . . . . . . . . . . . . . . . . . . Authchips . | . . . . . . . . . . . . . . . . . . . . . . . . . . . . Time . | . . . . . . . . . . . . . . . . . . . . . . . . . . . . Total Part Build Rating . | . . . . . . . . . . . . . . . . . . . . . . . . . . . . Part Studies Acquired 3 | . . . . . . . 2 . . . . . . . 1 . . . . . . . . . . . . Parts Repaired . | . . . . . . . . . . . . . . . . . . . . . . . . . . . . Time . | . . . . . . . . . . . . . . . . . . . . . . . . . . . . Parts Recycled . | . . . . . . . . . . . . . . . . . . . . . . . . . . . . Recycled Matter . | . . . . . . . . . . . . . . . . . . . . . . . . . . . . Retrieved Matter . | . . . . . . . . . . . . . . . . . . . . . . . . . . . . Retrieved Components . | . . . . . . . . . . . . . . . . . . . . . . . . . . . . Parts Scanalyzed . | . . . . . . . . . . . . . . . . . . . . . . . . . . . . Part Schematics Acquired . | . . . . . . . . . . . . . . . . . . . . . . . . . . . . Parts Damaged . | . . . . . . . . . . . . . . . . . . . . . . . . . . . . Bothacking | -11 -10 -10 -9 -9 -9 -8 -8 -8 -8 -8 -6 -6 -6 -6 -6 -6 -6 -5 -5 -5 -5 -5 -5 -5 -4 -4 -4 ------------ Run | Yrd Mat Min Mat Min Exi Min Mat Sto Gar Rec Fac Gar Fac Gar Fac Low Low Fac Gar Ext Cet Arc Hub Gar Fac Gar Fac Used RIF Installer 2 | . . . . . . . . . 2 . . . . . . . . . . . . . . . . . . Coupler Efficiency 1 | . . . . . . . . . 1 . . . . . . . . . . . . . . . . . . Robots Hacked 25 | . . . . . . . . . . . . . . . 6 . . . . 8 . . . 2 5 4 . Non-combat 11 | . . . . . . . . . . . . . . . 3 . . . . 5 . . . . 3 . . Combat 14 | . . . . . . . . . . . . . . . 3 . . . . 3 . . . 2 2 4 . Robot Hacks Applied 25 | . . . . . . . . . . . . . . . 6 . . . . 8 . . . . 6 5 . parse_system 1 | . . . . . . . . . . . . . . . . . . . . . . . . . . 1 . no_distress 1 | . . . . . . . . . . . . . . . 1 . . . . . . . . . . . . generate_echo 1 | . . . . . . . . . . . . . . . . . . . . . . . . . 1 . . drop_inventory 3 | . . . . . . . . . . . . . . . . . . . . 2 . . . . 1 . . find_recycling 1 | . . . . . . . . . . . . . . . 1 . . . . . . . . . . . . ignore_parts 1 | . . . . . . . . . . . . . . . 1 . . . . . . . . . . . . reprogram_traps 1 | . . . . . . . . . . . . . . . . . . . . 1 . . . . . . . clear_repairs 1 | . . . . . . . . . . . . . . . . . . . . 1 . . . . . . . map_route 1 | . . . . . . . . . . . . . . . . . . . . . . . . . 1 . . link_fov 1 | . . . . . . . . . . . . . . . . . . . . 1 . . . . . . . overload_power 2 | . . . . . . . . . . . . . . . . . . . . . . . . . 1 1 . disable_weapons 1 | . . . . . . . . . . . . . . . . . . . . . . . . . 1 . . overwrite_iff 1 | . . . . . . . . . . . . . . . . . . . . . . . . . . 1 . formatsys_high 9 | . . . . . . . . . . . . . . . 3 . . . . 3 . . . . 1 2 . Relay Couplers Released 18 | . . . . . . . . . 4 . . . . . 1 . . . 4 . . . . 4 . 5 . Machine Destruction 18 | . . . . . . . . . 4 . . . . . 1 . . . 4 . . . . 4 . 5 . Attached 13 | . . . . . . . . . . . . . . . 2 . . . 1 2 . . . . 4 4 . Fabnet Peak Effective % 3 | . . . . . . . . . . . . . . . . . . 3 3 3 3 3 3 3 1 1 1 Autooverrided 3 | . . . . . . . . . . . . . . . . . . . . 1 . . . 2 . . . Robots Rewired 21 | . . . . . . . . . 3 6 . . . . . . . . 1 11 . . . . . . . Allies Hacked . | . . . . . . . . . . . . . . . . . . . . . . . . . . . . Hacks Repelled . | . . . . . . . . . . . . . . . . . . . . . . . . . . . . Allies | -11 -10 -10 -9 -9 -9 -8 -8 -8 -8 -8 -6 -6 -6 -6 -6 -6 -6 -5 -5 -5 -5 -5 -5 -5 -4 -4 -4 -------- Run | Yrd Mat Min Mat Min Exi Min Mat Sto Gar Rec Fac Gar Fac Gar Fac Low Low Fac Gar Ext Cet Arc Hub Gar Fac Gar Fac Total Allies 48 | . . 2 . . . . . . 4 6 . . . . 3 . . . 1 26 . . . 2 1 3 . Largest Group 15 | . . 2 . . . . . . 3 6 . . . . 1 . . . 1 15 7 . . 1 1 2 . Highest-Rated Group 591 | . . 58 . . . . . . 31 116 . . . . 32 . . . 148 591 218 . . 29 49 56 . Highest-Rated Ally 159 | . . 31 . . . . . . 31 34 . . . . 32 . . . 148 159 47 . . 29 49 56 . Total Orders 1 | . . . . . . . . . . . . . . . . . . . . 1 . . . . . . . GUARD 1 | . . . . . . . . . . . . . . . . . . . . 1 . . . . . . . Ally Attacks 247 | . . . . . . . . . 22 8 . . . . 31 . . . 15 134 15 . . 8 4 10 . Total Damage 5430 | . . . . . . . . . 190 273 . . . . 874 . . . 464 2920 275 . . 116 130 188 . Kills 35 | . . . . . . . . . 1 3 . . . . 5 . . . 2 23 . . . 1 . . . Allies Corrupted . | . . . . . . . . . . . . . . . . . . . . . . . . . . . . Allies Melted 2 | . . . . . . . . . . . . . . . . . . . 1 1 . . . . . . . Intel | -11 -10 -10 -9 -9 -9 -8 -8 -8 -8 -8 -6 -6 -6 -6 -6 -6 -6 -5 -5 -5 -5 -5 -5 -5 -4 -4 -4 ------- Run | Yrd Mat Min Mat Min Exi Min Mat Sto Gar Rec Fac Gar Fac Gar Fac Low Low Fac Gar Ext Cet Arc Hub Gar Fac Gar Fac Active Infowar (turns) 981 | . 101 . 518 . . . . . . . . . . 16 166 . . . . . . . . . . . 180 Sensors 619 | . 101 . 518 . . . . . . . . . . . . . . . . . . . . . . . . Traps 166 | . . . . . . . . . . . . . . . 166 . . . . . . . . . . . . Jamming 180 | . . . . . . . . . . . . . . . . . . . . . . . . . . . 180 ECM 16 | . . . . . . . . . . . . . . 16 . . . . . . . . . . . . . Robot Analysis Total 2 | . . . . . . . . . . 1 . . 1 . . . . . . . . . . . . . . Derelict Logs Recovered 3 | . . 1 . . . . . . . . . . . . . 2 . . . . . . . . . . . Drone Launches . | . . . . . . . . . . . . . . . . . . . . . . . . . . . . Drone Recoveries . | . . . . . . . . . . . . . . . . . . . . . . . . . . . . Exploration | -11 -10 -10 -9 -9 -9 -8 -8 -8 -8 -8 -6 -6 -6 -6 -6 -6 -6 -5 -5 -5 -5 -5 -5 -5 -4 -4 -4 ------------- Run | Yrd Mat Min Mat Min Exi Min Mat Sto Gar Rec Fac Gar Fac Gar Fac Low Low Fac Gar Ext Cet Arc Hub Gar Fac Gar Fac Turns Passed 15878 | 56 499 274 1120 121 441 303 525 140 1413 1399 831 338 532 130 1787 496 61 293 378 1500 761 40 368 648 713 380 331 Spaces Moved 12276 | 46 422 466 919 86 389 283 426 133 1098 1224 495 258 799 153 1142 317 60 348 191 953 533 41 286 276 349 194 389 Core 150 | 11 . . . . . . . . . . . . . . . . . . . 2 . . . . . 62 75 Treads 1181 | . . . . . . . . . . . . . . . . . . . . 412 77 . 3 276 281 132 . Legs 5943 | 35 176 . 350 86 389 283 426 133 1098 1224 268 . . . 43 317 60 76 . 131 456 41 283 . 68 . . Wheels . | . . . . . . . . . . . . . . . . . . . . . . . . . . . . Hover 4240 | . 246 466 569 . . . . . . . 227 258 799 153 1099 . . . . 109 . . . . . . 314 Flight 762 | . . . . . . . . . . . . . . . . . . 272 191 299 . . . . . . . Fastest Speed 45 | 50 56 56 56 120 90 90 90 90 90 90 90 45 45 45 98 102 102 68 68 50 100 100 100 156 120 50 50 Average Speed 95 | 103 82 56 80 120 112 90 90 90 90 90 113 95 50 50 118 119 102 75 68 104 103 100 113 156 156 124 77 Slowest Speed 329 | 120 120 56 120 120 120 90 90 90 90 90 329 113 113 113 241 230 102 102 68 213 122 100 156 156 175 160 147 Overloaded Moves 1382 | . . . . . . . . . . . 8 26 243 143 962 . . . . . . . . . . . . Propulsion Burnouts . | . . . . . . . . . . . . . . . . . . . . . . . . . . . . Robots Hopped 2 | . . . . . . . . . . . . . . . . . . . . 2 . . . . . . . Potential Cave-ins . | . . . . . . . . . . . . . . . . . . . . . . . . . . . . Cave-ins Triggered . | . . . . . . . . . . . . . . . . . . . . . . . . . . . . Exploration Rate (%) 41 | 3 70 68 60 28 70 78 54 13 90 95 10 27 18 28 30 49 14 12 38 83 57 72 19 39 11 26 8 Regions Visited 27 Branch Regions 12 Pre-discovered Areas 9 | . . 1 . . 1 . . . . 6 . . . . . 1 . . . . . . . . . . . Known Exits Taken 13 | . . . 1 . . 1 1 1 . . 1 . 1 . 1 1 1 1 . 1 . . 1 . 1 . . Unknown Exits Taken 8 | 1 1 1 . 1 1 . . . . 1 . . . . . . . . . . 1 1 . . . . . Scrap Searched 4 | . . 2 . . . 1 . . . . . . . . . . 1 . . . . . . . . . . Spaces Dug 14 | . . . 1 . . . . . 1 . . . . . . . . 2 1 2 . . 7 . . . . Terrain Destroyed 501 | . . 1 39 . . . 64 . 10 . 32 . . . 11 . . 2 1 26 3 . 309 1 . . 2 Melee 4 | . . . . . . . . . 1 . . . . . . . . 2 1 . . . . . . . . Projectile 30 | . . 1 5 . . . . . . . 5 . . . 1 . . . . 2 3 . 12 1 . . . AOE 461 | . . . 34 . . . 64 . 9 . 27 . . . 4 . . . . 24 . . 297 . . . 2 Terrain Rammed . | . . . . . . . . . . . . . . . . . . . . . . . . . . . . Walls Destroyed . | . . . . . . . . . . . . . . . . . . . . . . . . . . . . Machines Disabled . | . . . . . . . . . . . . . . . . . . . . . . . . . . . . Actions | -11 -10 -10 -9 -9 -9 -8 -8 -8 -8 -8 -6 -6 -6 -6 -6 -6 -6 -5 -5 -5 -5 -5 -5 -5 -4 -4 -4 --------- Run | Yrd Mat Min Mat Min Exi Min Mat Sto Gar Rec Fac Gar Fac Gar Fac Low Low Fac Gar Ext Cet Arc Hub Gar Fac Gar Fac Total 15241 | 51 510 474 1170 94 392 315 506 145 1355 1493 675 309 894 206 1422 380 59 377 429 1385 679 40 305 400 469 299 408 Wait 1525 | . 20 5 106 4 . 21 26 2 76 127 70 29 51 35 135 19 . 12 213 325 103 . 7 49 34 54 2 Move 12251 | 45 421 465 918 85 388 282 425 132 1097 1223 495 257 799 152 1141 316 59 348 190 949 532 40 286 275 349 193 389 Hop 1 | . . . . . . . . . . . . . . . . . . . . 1 . . . . . . . Pick Up 65 | . 10 . 10 . . 1 2 . 9 3 . . 4 . 7 . . 3 3 3 2 . . 5 2 1 . Fast Attach 143 | 6 5 1 14 . 2 . 6 3 9 7 12 1 12 . 12 4 . 4 3 5 3 . . 3 17 5 9 Attach 50 | . 1 . 6 . . . 2 1 5 2 5 . . 2 6 3 . 1 . 3 . . . 4 7 2 . Detach 68 | . 1 . 4 . . . 2 1 6 10 10 1 4 1 10 2 . 3 . 4 2 . . 1 3 2 1 Swap 50 | . 7 . 7 . . 1 4 . 5 . . . . . 3 1 . . 6 10 3 . . 1 . 2 . Drop 123 | . 13 1 16 . 2 2 7 2 19 10 5 1 9 2 9 . . 4 6 3 2 . . . 8 2 . Fire 553 | . 32 2 87 5 . 8 32 4 24 1 63 20 15 1 54 18 . . 4 65 32 . 12 21 9 37 7 Melee 255 | . . . . . . . . . 92 22 10 . . . 45 17 . 2 2 11 . . . 39 15 . . Ram 2 | . . . 2 . . . . . . . . . . . . . . . . . . . . . . . . Kick 2 | . . . . . . . . . . 1 . . . . . . . . . . . . . . 1 . . Crush 26 | . . . . . . . . . . . . . . . . . . . . . . . . 2 24 . . Escape Stasis 26 | . . . . . . . . . . . 5 . . 13 . . . . 2 6 . . . . . . . Rewire 101 | . . . . . . . . . 13 87 . . . . . . . . . . . . . . . 1 . Trap . | . . . . . . . . . . . . . . . . . . . . . . . . . . . . Miscellaneous . | . . . . . . . . . . . . . . . . . . . . . . . . . . . . Route ------- -11/Scrapyard -10/Materials (discovered 5 exits: *Mat x3 / *Min x2) -10/Mines -9/Materials (discovered 4 exits: *Mat x3 / *Min) -9/Mines -9/Exiles (discovered 2 exits: [*Min x2]) -8/Mines -8/Materials (discovered 3 exits: [*Fac x2] / *Sto) -8/Storage -8/Garrison (discovered 3 exits: *Rec x3) -8/Recycling -6/Factory -6/Garrison -6/Factory (discovered 4 exits: *Fac / Low x2 / Gar) -6/Garrison -6/Factory (discovered 2 exits: *Low x2) -6/Lower Caves -6/Lower Caves -5/Factory -5/Garrison -5/Extension (discovered 3 exits: *Fac x2 / *Cet) -5/Cetus (discovered 2 exits: *Fac / *Arc) -5/Archives -5/Hub_04(d) (discovered 5 exits: Fac x4 / Gar) -5/Garrison -4/Factory -4/Garrison -4/Factory History --------- Turn | Location | Event 3 | -11/Scrapyard | Discovered new exit (range 16) 57 | -11/Scrapyard | Entered Materials 183 | -10/Materials | Discovered new exit (range 7) 272 | -10/Materials | Discovered new exit (range 9) 388 | -10/Materials | Discovered new exit (range 6) 392 | -10/Materials | Discovered new exit (range 14) 495 | -10/Materials | Build established: Scavenger-Mutant 496 | -10/Materials | Discovered new exit (range 7) 556 | -10/Materials | Entered Mines 557 | -10/Mines | Learned location of Storage (-8) 580 | -10/Mines | Discovered new exit (range 8) 656 | -10/Mines | Learned 4 Materials zone layouts 830 | -10/Mines | Entered Materials 830 | -9/Materials | Evolved 2 slots: Utility x2 831 | -9/Materials | Identified exit to Materials 1302 | -9/Materials | Lost 3 parts (1p1n1w) 1543 | -9/Materials | Build established: Mutant 1559 | -9/Materials | Identified exit to Mines 1853 | -9/Materials | Discovered exit to Materials (range 16) 1933 | -9/Materials | Build established: Hacker-Mutant 1950 | -9/Materials | Entered Mines 2067 | -9/Mines | Deemed a non-threat by the Exiles lab entrance 2067 | -9/Mines | Discovered new exit (range 5) 2071 | -9/Mines | Entered Exiles 2089 | -9/Exiles | Discovered new exit (range 15) 2104 | -9/Exiles | Met 8R-AWN 2122 | -9/Exiles | Met EX-HEX 2169 | -9/Exiles | Met EX-DEC 2201 | -9/Exiles | Learned location of Zion (-7) 2235 | -9/Exiles | Discovered new exit (range 14) 2311 | -9/Exiles | Met EX-BIN 2380 | -9/Exiles | Aligned with FarCom system 2381 | -9/Exiles | Given EX-Vault access code 2411 | -9/Exiles | Opened EX-Vault 2422 | -9/Exiles | Found Potential Leg 2425 | -9/Exiles | Found Potential Leg 2445 | -9/Exiles | Warned to stay clear of 0b10 Research branches 2512 | -9/Exiles | Left Exiles lab with Potential Leg 2512 | -9/Exiles | Entered Mines 2551 | -8/Mines | Core integrity fell below 50% 2809 | -8/Mines | Discovered exit to Materials (range 10) 2815 | -8/Mines | Entered Materials 2815 | -8/Materials | Evolved 2 slots: Power x1, Utility x1 2942 | -8/Materials | Identified exit to Storage 3010 | -8/Materials | Discovered new exit (range 9) 3272 | -8/Materials | Discovered new exit (range 16) 3340 | -8/Materials | Entered Storage 3445 | -8/Storage | Identified exit to Garrison 3480 | -8/Storage | Entered Garrison 3583 | -8/Garrison | Triggered checkpoint 3642 | -8/Garrison | Build established: Mutant 3728 | -8/Garrison | Discovered new exit (range 13) 3862 | -8/Garrison | Triggered checkpoint 3927 | -8/Garrison | Installed Relay Interface Framework 4208 | -8/Garrison | Build established: Gladiator 4316 | -8/Garrison | Triggered checkpoint 4375 | -8/Garrison | Discovered new exit (range 15) 4391 | -8/Garrison | Expanded RIF knowledge: Coupler Efficiency 4484 | -8/Garrison | Rescued a captive Derelict 4490 | -8/Garrison | Triggered checkpoint 4576 | -8/Garrison | Triggered checkpoint 4660 | -8/Garrison | Discovered new exit (range 9) 4687 | -8/Garrison | Garrison Relay disabled 4734 | -8/Garrison | Triggered checkpoint 4893 | -8/Garrison | Entered Recycling 5245 | -8/Recycling | Discovered new exit (range 16) 5615 | -8/Recycling | Build established: Commander-Gladiator 5617 | -8/Recycling | Scanned before Scraplab entrance 5686 | -8/Recycling | Angered Scraplab inhabitants 5687 | -8/Recycling | Found Prototype Device 5696 | -8/Recycling | Identified Scrap Engine 5734 | -8/Recycling | Lost 6 allies 6045 | -8/Recycling | Build established: Mutant 6292 | -8/Recycling | Entered Factory 6292 | -6/Factory | Evolved 4 slots: Utility x3, Weapon x1 6488 | -6/Factory | Garrison activated, responded to threat 6578 | -6/Factory | Lost 3 parts (2u1w) 7123 | -6/Factory | Identified exit to Garrison 7123 | -6/Factory | Entered Garrison 7245 | -6/Garrison | Triggered checkpoint 7358 | -6/Garrison | Spotted B-75 Beast 7371 | -6/Garrison | Build established: Scavenger-Tank 7427 | -6/Garrison | Triggered checkpoint 7451 | -6/Garrison | Discovered new exit (range 15) 7460 | -6/Garrison | Lost 6 parts (1p2u3w) 7461 | -6/Garrison | Entered Factory 7665 | -6/Factory | Central database locked down 7671 | -6/Factory | Discovered new exit (range 5) 7884 | -6/Factory | Allied Derelicts emerged from ambush trap array 7928 | -6/Factory | Identified exit to Lower Caves 7993 | -6/Factory | Identified exit to Garrison 7993 | -6/Factory | Entered Garrison 8078 | -6/Garrison | Spotted B-75 Beast 8099 | -6/Garrison | Spotted B-75 Beast 8102 | -6/Garrison | Triggered checkpoint 8103 | -6/Garrison | Triggered checkpoint 8106 | -6/Garrison | Core integrity fell below 50% 8118 | -6/Garrison | Discovered new exit (range 10) 8123 | -6/Garrison | Entered Factory 8463 | -6/Factory | Build established: Hacker-Construct 9142 | -6/Factory | Build established: Hacker-Mutant 9910 | -6/Factory | Entered Lower Caves 10019 | -6/Lower Caves | Attracted the attention of an 0b10 outpost 10096 | -6/Lower Caves | Lost 4 parts (1p2u1w) 10100 | -6/Lower Caves | Destroyed 7 combat bots 10165 | -6/Lower Caves | Core integrity fell below 20% 10319 | -6/Lower Caves | Learned Factory interactive machine intel 10367 | -6/Lower Caves | Discovered new exit (range 11) 10405 | -6/Lower Caves | Identified exit to Lower Caves 10406 | -6/Lower Caves | Entered another Lower Caves area 10445 | -6/Lower Caves | Discovered new exit (range 16) 10460 | -6/Lower Caves | Identified exit to Factory 10467 | -6/Lower Caves | Entered Factory 10467 | -5/Factory | Evolved 2 slots: Propulsion x2 10468 | -5/Factory | Loaded intel: 56 interactive machine locations 10588 | -5/Factory | Identified exit to DSF 10668 | -5/Factory | Identified exit to DSF 10760 | -5/Factory | Identified exit to Garrison 10760 | -5/Factory | Entered Garrison 11008 | -5/Garrison | Garrison Relay disabled 11061 | -5/Garrison | Spotted B-75 Beast 11067 | -5/Garrison | Triggered checkpoint 11093 | -5/Garrison | Discovered new exit (range 8) 11097 | -5/Garrison | Identified exit to Extension 11097 | -5/Garrison | Spotted B-86 Titan 11106 | -5/Garrison | Rewired B-90 Cyclops 11138 | -5/Garrison | Entered Extension 11321 | -5/Extension | Rescued a captive Derelict 11322 | -5/Extension | Rescued a captive Derelict 11328 | -5/Extension | Rescued a captive Derelict 11369 | -5/Extension | Rescued A7 11394 | -5/Extension | Energy Cycler disabled 11394 | -5/Extension | Rescued a captive Derelict 11395 | -5/Extension | Rescued a captive Derelict 11395 | -5/Extension | Rescued a captive Derelict 11396 | -5/Extension | Rescued a captive Derelict 11398 | -5/Extension | Rescued a captive Derelict 11398 | -5/Extension | Rescued a captive Derelict 11398 | -5/Extension | Rescued a captive Derelict 11399 | -5/Extension | Rescued a captive Derelict 11401 | -5/Extension | Rescued a captive Derelict 11401 | -5/Extension | Rescued a captive Derelict 11404 | -5/Extension | Rescued a captive Derelict 11405 | -5/Extension | Rescued a captive Derelict 11408 | -5/Extension | Local machine network offline 11410 | -5/Extension | Rescued a captive Derelict 11440 | -5/Extension | Spotted B-75 Beast 11444 | -5/Extension | Spotted B-75 Beast 11468 | -5/Extension | Allies destroyed B-75 Beast 11519 | -5/Extension | Lost 8 parts (2p2n2u2w) 11556 | -5/Extension | Lost 11 allies 11556 | -5/Extension | Discovered new exit (range 15) 11854 | -5/Extension | Extracted ID and sensor layout for unrecognized location from A7's data core 11897 | -5/Extension | Lost 3 allies 12053 | -5/Extension | Discovered new exit (range 15) 12054 | -5/Extension | Discovered new exit (range 15) 12073 | -5/Extension | Identified exit to Factory 12085 | -5/Extension | Identified exit to Cetus 12244 | -5/Extension | Build established: Hacker-Construct 12638 | -5/Extension | Entered Cetus 12638 | -5/Cetus | Accompanied by 7 allies 12666 | -5/Cetus | Spotted Cetus Guard 12666 | -5/Cetus | Spotted Cetus Guard 12668 | -5/Cetus | Spotted Cetus Guard 12668 | -5/Cetus | Spotted Cetus Guard 12674 | -5/Cetus | Destroyed Cetus Guard 12685 | -5/Cetus | Destroyed Cetus Guard 12691 | -5/Cetus | Destroyed Cetus Guard 12703 | -5/Cetus | Destroyed Cetus Guard 12718 | -5/Cetus | Lost 6 allies 12817 | -5/Cetus | Discovered new exit (range 16) 12851 | -5/Cetus | Spotted Cetus Guard 12852 | -5/Cetus | Spotted Cetus Guard 12855 | -5/Cetus | Spotted Cetus Guard 12855 | -5/Cetus | Spotted Cetus Guard 12954 | -5/Cetus | Destroyed Cetus Guard 12966 | -5/Cetus | Destroyed Cetus Guard 12979 | -5/Cetus | Destroyed Cetus Guard 13044 | -5/Cetus | Destroyed Cetus Guard 13049 | -5/Cetus | Discovered exit to Factory (range 16) 13055 | -5/Cetus | Met Revision 17 13388 | -5/Cetus | Security sweep announced 13399 | -5/Cetus | Entered Archives 13412 | -5/Archives | Met Zhirov 13418 | -5/Archives | Reinforcements dispatched to Archives 13423 | -5/Archives | Read partially decrypted archive contents 13425 | -5/Archives | Discovered new exit (range 15) 13439 | -5/Archives | Entered Hub_04(d) 13766 | -5/Hub_04(d) | Network Hub disabled 13766 | -5/Hub_04(d) | Network Hub disabled 13777 | -5/Hub_04(d) | Spotted Lightning 13779 | -5/Hub_04(d) | Spotted Lightning 13783 | -5/Hub_04(d) | Spotted Lightning 13786 | -5/Hub_04(d) | Core integrity fell below 50% 13788 | -5/Hub_04(d) | System corruption reached 10% 13807 | -5/Hub_04(d) | Identified exit to Garrison 13807 | -5/Hub_04(d) | Entered Garrison 13841 | -5/Garrison | Triggered checkpoint 13883 | -5/Garrison | Garrison Relay disabled 14188 | -5/Garrison | Build established: Bothacker-Construct 14219 | -5/Garrison | Spotted B-75 Beast 14317 | -5/Garrison | Triggered checkpoint 14318 | -5/Garrison | Local machine network offline 14433 | -5/Garrison | Discovered exit to Factory (range 14) 14434 | -5/Garrison | Core integrity fell below 20% 14455 | -5/Garrison | Entered Factory 14455 | -4/Factory | Evolved 2 slots: Utility x1, Weapon x1 14471 | -4/Factory | Lost 3 parts (2p1w) 14743 | -4/Factory | Build established: Bothacker-Mutant 14968 | -4/Factory | Lost 9 parts (1n5u3w) 15168 | -4/Factory | Identified exit to Garrison 15168 | -4/Factory | Entered Garrison 15202 | -4/Garrison | Triggered checkpoint 15256 | -4/Garrison | Garrison Relay disabled 15473 | -4/Garrison | Spotted B-86 Titan 15483 | -4/Garrison | P-70 Sage assimilated allied Virus 7b 15521 | -4/Garrison | Core integrity fell below 50% 15524 | -4/Garrison | Triggered checkpoint 15543 | -4/Garrison | Discovered new exit (range 10) 15548 | -4/Garrison | Entered Factory 15553 | -4/Factory | Lost 13 parts (2p2n5u4w) 15581 | -4/Factory | Core integrity fell below 20% 15815 | -4/Factory | Build established: Mutant 15879 | -4/Factory | Destroyed self via exploding Fusion Modulator Last Messages --------------- 15824_ W-44 Eye distress signal jammed. 15834_ System corrupted: Matter fused (-9). 15834_ W-44 Eye distress signal jammed. 15837_ K-01 Serf collects debris. 15837_ W-44 Eye distress signal jammed. 15841_ K-01 Serf collects debris. 15842_ W-44 Eye distress signal jammed. 15845_ K-01 Serf collects debris. 15846_ W-44 Eye distress signal jammed. 15850_ ALERT: All DSF locations entering lockdown mode. 15850_ K-01 Serf collects debris. 15858_ System corrupted: Component data lost. 15879_ Fusion Modulator explodes. 15879_ S-27 Virus destroyed. 15879_ Destroyed VTOL Module. 15879_ Imp. Hardlight Generator destroyed. 15879_ Destroyed Imp. Hardlight Generator. 15879_ Hpw. Shock Rifle destroyed. 15879_ Destroyed Hpw. Shock Rifle. Map ----- +----------------------------------------------------+ | ???????????????? !! """ !!#????????????????????? | | ????????????????? !! """ !!#????????????????????? | | ??????????????????! "%" #????????????????????? | | ??????????????????? +????????????????????? | | #??????????????????? #????????????????????? | | #????????????????????# #????????????????????? | | #????????????????????# #????????????????????? | | #????????????????????# #????????????????????? | | +????????????????????# #????????????????????? | | #????????????????????# #????????????????????? | | #????????????????????# #????????????????????? | | +????????????????????# #????????????????????? | | #????????????????????# #????????????????????? | | #????????????????????# ###??????????????????? | | #????????????????????# #??????????????????? | | #????????????????????# #??????????????????? | | #????????????????????# #??????????????????? | | #????????????????????# #??????????????????? | | #????????##########??# #??????????????????? | | #??????? #?#####/##;#;?????????????????? | | #???# """" """ #?# """s #?????????????????? | | #???# """" ""T"" #?# """s #?????????????????? | | ##??? """" "" "" ??# """%[ #?????????????????? | | ####??"""" ????# = #?????????????????? | | #???? ????# #?????????????????? | | ###########+##+###### @ #?????????????????? | | + #?????????????????? | | ######## ######### #?????????????????? | | # #????# #?#################?????????????????? | | # #????# #? #?????????????????????????? | | # #????# # "" #?????????????????????????? | | ###????# # "" #?????????????????????????? | | ##?????# + "T #?????????????????????????? | | #####?????### "" #?????????????????????????? | | ????????? "" ] #?????????????????????????? | | #????????? #?????????????????????????? | | #????????? ??????????????????????????? | | #??????????#######??????????????????????????? | | #???????????????????????????????????????????? | | #???????????????????????????????????????????? | | #####???????????????????????????????????????????? | | ????????????????????????????????????????????????? | | ????????????????????????????????????????????????? | | ????????????????????????????????????????????????? | | | | | | | | | | | | | +----------------------------------------------------+ Best States ------------- Heat Dissipation 100 Energy Generation 37 Energy Capacity 740 Matter Stores 300 Matter Capacity 300 Sight Range 16 Robot Scan Range 14 Terrain Scan Density 10 ECM Strength 2 Jamming Range 16 Armor Coverage 750 Resistance: TH 30 Power Shielding 66 Melee Speed Boost 20 Phase Shifting 10 Evasion (%) 65 Melee Accuracy 8 Target Analysis 6 Armor Integrity Analysis 30 Recoil Reduction 4 Energy Filtering 50 Offensive Hacking 22 Defensive Hacking 10 Relay Coupler Types 7 Relay Coupler Value 159 Item Schematics ----------------- None Robot Schematics ------------------ None Fabricated ------------ Nothing Repaired ---------- Nothing Studied --------- Lgt. Nuclear Core | -8/Materials | Hacked Rocket Launcher | -8/Materials | Hacked Axe | -6/Factory | Hacked Alien Tech Used ----------------- None Achievements -------------- Explosive Keycard Mindtrick Plot Armor Versatile Challenges ------------ None Game ------ Seed SeismicDiametricMegashotty Manual? 0 Play Time 02:48:28 Cumulative 104.0 hours Start 2025.11.10 @ 16:18:42 End 2025.11.13 @ 12:19:37 Sessions 11 Manual Loads 0 Difficulty Rogue Special Mode None Game No. 90 Rogue 90 Adventurer 0 Explorer 0 Win Type - Total 1 Types 1/0/0/0/0/0/0/0/0/0 Lore% 55 Gallery% 60 Achievement% 44 Wizard Run 0 Options --------- Layout 1 ASCII 0 Keyboard 1 Movement Vi Keybinds 0 Fullscreen 1 Font 24/Terminus Map View 50x35 Zoom Use 0% Tactical HUD 1 Map Filters NONE Filters NONE Steam 1 RUN: 3dc9a4d1-2b27-4b77-91d7-491ef40fb494